 Dungeon Crawl Stone Soup version 0.19-a0-1341-g3513869 (webtiles) character file.

2891 dorian the Carver (level 9, -1/54 HPs)
             Began as a High Elf Skald on Aug 26, 2016.
             Was a Priest of Okawaru.
             Slain by an orc warrior
             ... wielding a cursed -2 halberd
              (8 damage)
             ... on level 8 of the Dungeon on Sept 1, 2016.
             The game lasted 00:19:48 (10196 turns).

dorian the Carver (High Elf Skald)                 Turns: 10196, Time: 00:19:49

Health: -1/54      AC:  9    Str: 12    XL:     9   Next: 48%
Magic:  4/13       EV: 17    Int: 16    God:    Okawaru [***...]
Gold:   317        SH:  0    Dex: 18    Spells: 3 memorised, 6 levels left

rFire  . . .     SeeInvis +     a - +1 falchion
rCold  . . .     Gourm    .     v - +1 leather armour of Supple Strength {rElec}
rNeg   . . .     Faith    +     (no shield)
rPois  .         Spirit   .     e - +0 helmet
rElec  +         Dismiss  .     q - +0 cloak
rCorr  +         Reflect  .     E - +1 pair of gloves
MR     .....     Harm     .     (no boots)
Stlth  +.........               K - amulet of faith
                                D - ring of resist corrosion
                                w - ring of see invisible

@: infused (expiring)
A: sense surroundings 1
a: Heroism, Renounce Religion


You were on level 8 of the Dungeon.
You worshipped Okawaru.
Okawaru was most pleased with you.
You were not hungry.

You visited 2 branches of the dungeon, and saw 9 of its levels.

You collected 317 gold pieces.

Inventory:

Hand Weapons
 a - a +1 falchion (weapon)
Missiles
 t - 7 javelins (quivered)
Armour
 b - a +0 leather armour
 e - a +0 helmet (worn)
 p - a +1 leather armour of cold resistance
 q - a +0 cloak (worn)
 v - the +1 leather armour of Supple Strength (worn) {rElec}
   (You found it on level 7 of the Dungeon)

   It insulates you from electricity.
 E - a +1 pair of gloves (worn)
Jewellery
 w - a ring of see invisible (left hand)
 D - a ring of resist corrosion (right hand)
 J - an uncursed amulet of dismissal
 K - an amulet of faith (around neck)
Wands
 L - a wand of acid (15/15)
Scrolls
 f - a scroll of amnesia
 g - a scroll of torment {unknown}
 i - a scroll of enchant weapon
 j - 2 scrolls of teleportation
 l - 2 scrolls of fog
 m - a scroll of immolation
 x - a scroll of blinking
 H - a scroll of remove curse {unknown}
Potions
 h - 4 potions of agility {unknown}
 k - 3 potions of curing
 n - a potion of might
 o - 2 potions of lignification
 A - a potion of brilliance {unknown}
 C - 2 potions of flight {unknown}
 I - a potion of ambrosia {unknown}
Books
 c - a book of Battle

   Spells                             Type                      Level
   a - Infusion                       Charms                       1
   b - Shroud of Golubria             Charms/Translocation         2
   c - Song of Slaying                Charms                       2
   d - Spectral Weapon                Hexes/Charms                 3
   e - Regeneration                   Charms/Necromancy            3
Comestibles
 d - 3 bread rations
 r - 2 meat rations
 z - 2 beef jerkies
 F - 8 fruits
 G - 6 chunks of flesh


   Skills:
 - Level 2.0 Fighting
 * Level 11.3 Long Blades
 + Level 4.4 Armour
 + Level 7.2 Dodging
 - Level 2.4 Spellcasting
 - Level 6.1 Charms


You had 6 spell levels left.
You knew the following spells:

 Your Spells              Type           Power        Failure   Level  Hunger
a - Infusion              Chrm           ###.         1%          1    #......
b - Shroud of Golubria    Chrm/Tloc      ##........   12%         2    ###....
c - Regeneration          Chrm/Necr      ##........   24%         3    ###....


Dungeon Overview and Level Annotations

Branches:
Dungeon (8/15)             Temple (1/1) D:4
   Lair: D:8-11

Altars:
Cheibriados
Dithmenos
Elyvilon
Fedhas
Gozag
Hepliaklqana
Kikubaaqudgha
Nemelex Xobeh
Okawaru
Ru
Sif Muna
Trog
Uskayaw
Vehumet
Xom
Zin
The Shining One


Innate Abilities, Weirdness & Mutations

You passively map a small area around you.


Message History

The orc warrior completely misses you.
You hit the orc warrior.
The orc warrior is almost dead.
Your magical infusion is running out.
Unknown command.
You hit the orc warrior but do no damage.
The orc warrior is almost dead.
The orc warrior hits you with a halberd!
* * * LOW HITPOINT WARNING * * *
The orc hits you but does no damage.
Unknown command.
You are too injured to fight recklessly!
You are too injured to fight recklessly!
You are too injured to fight recklessly!
Unknown command.
You closely miss the orc warrior.
The orc warrior is almost dead.
The orc barely misses you.
The orc warrior hits you with a halberd!
You die...

#....)..#,#.
.# #
####.####,..
,.# #(# * .
.. #(# * #$#
* #(# #(# *
##o## *
#.@o#
*#..##*
,...(.,
#.##.##.*
#,*#. .# * ,
#. ,,# , #.
, *#. , * ,
, ,


You could see an orc warrior and an orc.

Vanquished Creatures
  Grinder (D:4)
  Sigmund (D:4)
  2 hippogriffs
  Edmund (D:6)
  A water moccasin (D:8)
  An orc warrior (D:7)
  2 ogres
  2 sky beasts
  A black bear (D:6)
  A phantom (D:5)
  A centaur (D:8)
  3 giant frogs
  A scorpion (D:8)
  2 crimson imps (D:6)
  A howler monkey (D:6)
  A centaur zombie (D:7)
  A wasp zombie (D:7)
  3 hounds
  5 orc priests
  A gnoll shaman (D:5)
  2 jellies
  3 orc wizards
  An iguana (D:8)
  6 worker ants
  A hound zombie (D:5)
  A hound skeleton (D:7)
  A worker ant zombie (D:5)
  9 gnolls
  8 adders
  3 shadow imps
  3 oozes
  2 adder skeletons (D:8)
  2 adder zombies
  2 worms
  A dart slug (D:2)
  7 giant geckos
  27 orcs
  4 giant cockroaches
  9 goblins
  4 hobgoblins
  5 jackals (D:4)
  9 kobolds
  2 quokkas
  5 ball pythons
  5 bats
  A giant cockroach zombie (D:6)
  A giant gecko zombie (D:5)
  9 giant newts
  A jackal skeleton (D:6)
  A jackal zombie (D:7)
  9 rats
176 creatures vanquished.

Notes
Turn   | Place    | Note
-------+----------+-------------------------------------------
     0 | D:1      | dorian the High Elf Skald began the quest for the Orb.
     0 | D:1      | Reached XP level 1. HP: 14/14 MP: 4/4
   298 | D:1      | Reached XP level 2. HP: 19/19 MP: 6/6
   534 | D:1      | Reached skill level 3 in Long Blades
  1131 | D:2      | Found a bloodstained altar of Trog.
  1147 | D:2      | Reached XP level 3. HP: 8/24 MP: 7/7
  1248 | D:2      | Learned a level 2 spell: Shroud of Golubria
  1252 | D:2      | Learned a level 3 spell: Regeneration
  1669 | D:2      | Reached skill level 4 in Long Blades
  1827 | D:2      | Upgraded the game from 0.19-a0-1238-gee6bd96 to 0.19-a0-1341-g3513869
  1904 | D:3      | Reached XP level 4. HP: 26/29 MP: 8/8
  2285 | D:3      | Found a faded altar of an unknown god.
  2813 | D:4      | Found a staircase to the Ecumenical Temple.
  2825 | Temple   | Entered the Ecumenical Temple
  2996 | Temple   | Became a worshipper of Warmaster Okawaru
  3045 | D:4      | Reached XP level 5. HP: 11/34 MP: 1/9
  3300 | D:4      | Reached skill level 5 in Long Blades
  3394 | D:4      | Noticed Grinder
  3394 | D:4      | Paralysed by Grinder for 2 turns
  3411 | D:4      | Killed Grinder
  3411 | D:4      | Reached skill level 6 in Long Blades
  3411 | D:4      | Reached skill level 5 in Charms
  3411 | D:4      | Reached XP level 6. HP: 12/39 MP: 0/10
  3673 | D:4      | Found a hide-covered altar of Uskayaw.
  3784 | D:4      | Noticed Sigmund
  3798 | D:4      | Killed Sigmund
  3798 | D:4      | Reached * piety under Okawaru
  3798 | D:4      | Reached XP level 7. HP: 44/45 MP: 2/11
  4089 | D:5      | Entered Level 5 of the Dungeon
  4118 | D:5      | Noticed a hippogriff
  4133 | D:5      | Killed a hippogriff
  4133 | D:5      | Reached skill level 7 in Long Blades
  4531 | D:5      | Reached skill level 1 in Armour
  4964 | D:5      | Reached skill level 8 in Long Blades
  5351 | D:5      | Reached XP level 8. HP: 50/50 MP: 9/12
  5567 | D:6      | Reached skill level 5 in Dodging
  5602 | D:6      | Noticed Edmund
  6069 | D:6      | Killed Edmund
  6400 | D:6      | Reached skill level 9 in Long Blades
  6900 | D:6      | HP: 2/50 [black bear (10)]
  6902 | D:6      | Reached ** piety under Okawaru
  7209 | D:6      | You fall through a shaft for 2 floors!
  7238 | D:8      | HP: 1/50 [giant frog (2)]
  7539 | D:8      | Reached skill level 10 in Long Blades
  7663 | D:7      | Found an iron altar of Okawaru.
  7908 | D:7      | Reached XP level 9. HP: 32/54 MP: 13/13
  8412 | D:7      | Got a jewelled leather armour
  8423 | D:7      | Identified the +1 leather armour of Supple Strength {rElec} (You found it on level 7 of the Dungeon)
  8927 | D:6      | Gained mutation: You passively map a small area around you. [mutagenic meat]
  9836 | D:8      | Reached skill level 11 in Long Blades
 10099 | D:8      | Reached *** piety under Okawaru
 10196 | D:8      | Slain by an orc warrior

Vault maps used:
D:1:      dpeg_arrival_arbitrary_a, hex_large, hangedman_decor_push,
          minmay_heptomino_h4
D:2:      minivault_4, trog_three_pillars_becter
D:3:      ecumenical_altar_1, first_bread
D:4:      lemuel_doored_altar, grunt_decor_clamped, minmay_distorted,
          uniq_grinder, uniq_sigmund
D:6:      nicolae_ossuary_entry_ruins, minmay_misc_feat_rugged, uniq_edmund
D:7:      okawaru_gym_becter
D:8:      minitemple, gammafunk_temple_overflow_statue,
          hangedman_little_slice_of_home, corexii_corridor_pit
Temple:   eino_temple_rhombus

Skill      XL: |  1  2  3  4  5  6  7  8  9 |
---------------+----------------------------+-----
Long Blades    | 3 4 6 8 10 11 | 11.3
Charms         | 4 5 6 |  6.1
Dodging        | 2 3 4 6 7 |  7.2
Armour         | 1 3 4 |  4.4
Fighting       | |  2.0
Spellcasting   | |  2.4

Action                   |  1- 3 |  4- 6 |  7- 9 || total
-------------------------+-------+-------+-------++-------
Melee: Falchion          |   154 |   162 |   794 ||  1110
Throw: Javelin           |       |       |     8 ||     8
 Cast: Infusion          |     5 |     5 |    11 ||    21
       Shroud of Golubri |       |     4 |    11 ||    15
  Use: Potion            |     3 |     1 |     2 ||     6
       Scroll            |       |       |    12 ||    12
 Stab: Sleeping          |     2 |     3 |       ||     5
  Eat: Chunk             |     3 |     6 |    23 ||    32
       Fruit             |       |       |     1 ||     1
Armor: Leather armour    |    49 |    20 |   108 ||   177
       Skin              |       |       |     3 ||     3
Dodge: Dodged            |    75 |    87 |   433 ||   595
